 Dungeon Crawl Stone Soup version 0.19.3-1-g3169bf9 (webtiles) character file.

36 volk64 the Stinger (level 3, 0/26 HPs)
             Began as a Draconian Venom Mage on Jan 24, 2017.
             Succumbed to an adder's poison
             ... on level 2 of the Dungeon.
             The game lasted 00:06:12 (1443 turns).

volk64 the Stinger (Draconian Venom Mage)           Turns: 1443, Time: 00:06:13

Health: 0/26       AC:  5    Str: 11    XL:     3   Next: 19%
Magic:  1/6        EV: 12    Int: 15    God:
Gold:   21         SH:  0    Dex: 11    Spells: 1 memorised, 5 levels left

rFire  . . .     SeeInvis .     f - +3 dagger (drain)
rCold  . . .     Gourm    .     (armour unavailable)
rNeg   . . .     Faith    .     (no shield)
rPois  .         Spirit   .     (helmet restricted)
rElec  .         Reflect  .     (no cloak)
rCorr  .         Harm     .     (no gloves)
MR     .....                    (no boots)
Stlth  ++........               (no amulet)
                                (no ring)
                                (no ring)

@: lethally poisoned (0 -> -6), very slightly contaminated
A: unfitting armour, cold-blooded, AC +5
a: no special abilities


You were on level 2 of the Dungeon.
You were not hungry.

You visited 1 branch of the dungeon, and saw 2 of its levels.

You collected 21 gold pieces.

Inventory:

Hand Weapons
 f - a +3 dagger of draining (weapon)
 i - a +0 dagger
Jewellery
 g - an uncursed amulet of faith {unknown}
Scrolls
 e - 3 scrolls of identify
Books
 a - a Young Poisoner's Handbook

   Spells                             Type                      Level
   a - Sting                          Conjuration/Poison           1
   b - Mephitic Cloud                 Conjuration/Poison/Air       3
   c - Olgreb's Toxic Radiance        Poison                       4
   d - Alistair's Intoxication        Transmutation/Poison         5
   e - Venom Bolt                     Conjuration/Poison           5
Comestibles
 b - 3 bread rations
 c - 2 meat rations
 d - 6 fruits


   Skills:
 + Level 2.0 Dodging
 + Level 2.0 Stealth
 + Level 2.0 Spellcasting
 + Level 0.2 Conjurations
 + Level 4.8 Poison Magic


You had 5 spell levels left.
You knew the following spells:

 Your Spells              Type           Power        Failure   Level  Hunger
a - Sting                 Conj/Pois      #...         10%         1    #......


Dungeon Overview and Level Annotations

Branches:
Dungeon (2/15)

Altars:

Annotations:
D:2 Terence


Innate Abilities, Weirdness & Mutations

Your plain brown scales are hard. (AC +5)
You cannot fit into any form of body armour.
You are cold-blooded and may be slowed by cold attacks.


Message History

You feel sick. Terence hits you with a short sword.
* * * LOW HITPOINT WARNING * * *
You hit Terence. You drain Terence!
Terence is heavily wounded.
* * * LOW HITPOINT WARNING * * *
You feel sick. Terence hits you with a short sword.
* * * LOW HITPOINT WARNING * * *
Terence barely misses you.
You hit Terence but do no damage. You drain Terence!
You tail-slap Terence, but do no damage.
Terence is heavily wounded.
Terence misses you.
You barely miss Terence.
You tail-slap Terence, but do no damage.
Terence is heavily wounded.
Terence hits you but does no damage. Terence barely misses you.
You aren't carrying any potions.
You closely miss Terence.
Terence is heavily wounded.
You die...

...## .... ..#.
#.. #.. #.#
#######.#######
.....K@.......##
#######@######.##
#............##
...>.##.#######..#
#### ....
........)..#....#
###
#.#######..#...##
#.# #........
#.#######..#.#..##
...........#.#....
#.#######.##......


You could see Terence (berserk) and a kobold.

Vanquished Creatures
  An adder (D:2)
  An ooze (D:2)
  A worm (D:2)
  A dart slug (D:1)
  A leopard gecko (D:1)
  5 goblins
  3 bats
  A frilled lizard (D:1)
  3 kobolds (D:1)
  2 rats
19 creatures vanquished.

Vanquished Creatures (others)
  A ghoul (D:1)
  A minotaur (D:1)
  A vine stalker (D:1)
  A troll (D:1)
  A spriggan (D:1)
  A vampire (D:1)
  3 humans (D:1)
  A dwarf (D:1)
  A mummy (D:1)
  An orc (D:1)
  5 tentacles (D:1)
17 creatures vanquished.

Grand Total: 36 creatures vanquished

Notes
Turn   | Place    | Note
-------+----------+-------------------------------------------
     0 | D:1      | volk64 the Draconian Venom Mage began the quest for the Orb.
     0 | D:1      | Reached XP level 1. HP: 14/14 MP: 3/3
     0 | D:1      | Noticed a vampire
     0 | D:1      | Noticed a vine stalker
     0 | D:1      | Noticed a minotaur
     0 | D:1      | Noticed a troll
     0 | D:1      | Noticed a kraken
     0 | D:1      | Noticed a human
     0 | D:1      | Noticed a human
     0 | D:1      | Noticed a dwarf
     0 | D:1      | Noticed a spriggan
     0 | D:1      | Noticed a human
     0 | D:1      | Noticed a ghoul
     3 | D:1      | Killed a human
     4 | D:1      | Killed a troll
     5 | D:1      | Killed a spriggan
     6 | D:1      | Killed a human
     7 | D:1      | Killed a dwarf
     8 | D:1      | Killed a vampire
     9 | D:1      | Killed a vine stalker
    11 | D:1      | Killed a ghoul
    11 | D:1      | Killed a human
    13 | D:1      | Killed a minotaur
   439 | D:1      | Reached XP level 2. HP: 20/20 MP: 1/5
  1432 | D:2      | Noticed Terence
  1438 | D:2      | Reached XP level 3. HP: 6/26 MP: 0/6
  1440 | D:2      | HP: 1/26 [Terence/short sword (2)]
  1443 | D:2      | Succumbed to an adder's poison

Skill      XL: |  1  2 |
---------------+-------+-----
Dodging        | 2 |  2.0
Stealth        | 2 |  2.0
Spellcasting   | |  2.0
Conjurations   | |  0.2
Poison Magic   | |  4.8

Action                   || total
-------------------------++-------
Melee: Unarmed           ||    12
       Tailslap          ||     6
       Dagger            ||    27
 Cast: Sting             ||    35
  Use: Scroll            ||     2
  Eat: Chunk             ||     2
Armor: Skin              ||     5
Dodge: Dodged            ||    34
